 Dungeon Crawl Stone Soup version 0.20-a0-1016-g241539b (webtiles) character file.

28 FastMan the Chopper (level 3, -4/30 HPs)
             Began as a Vine Stalker Berserker on Apr 16, 2017.
             Was a Follower of Trog.
             Slain by Sigmund
             ... wielding a +0 scythe of protection
              (6 damage)
             ... on level 2 of the Dungeon.
             The game lasted 00:00:20 (499 turns).

FastMan the Chopper (Vine Stalker Berserker)         Turns: 499, Time: 00:00:21

Health: -4/30      AC:  2    Str: 24    XL:     3   Next: 12%
Magic:  0/4        EV: 12    Int:  7    God:    Trog [*.....]
Gold:   0          SH:  0    Dex: 14    Spells: 2/2 levels left

rFire    . . .     SeeInvis .   a - +0 hand axe
rCold    . . .     Gourm    .   (no shield)
rNeg     . . .     Faith    .   b - +0 animal skin
rPois    .         Spirit   +   (no helmet)
rElec    .         Reflect  .   (no cloak)
rCorr    .         Harm     .   (no gloves)
MR       .....                  (no boots)
Stlth    ..........             (no amulet)
Regen    0.1/turn               (no ring)
MPRegen  0.1/turn               (no ring)

@: berserking (expiring), very quick
A: fangs 2, magic shield, antimagic bite, no potion heal 3, rot immunity
a: Berserk, Burn Spellbooks, Renounce Religion


You were on level 2 of the Dungeon.
You worshipped Trog.
Trog was aware of your devotion.
You were not hungry.

You visited 1 branch of the dungeon, and saw 2 of its levels.

Inventory:

Hand Weapons
 a - a +0 hand axe (weapon)
Armour
 b - a +0 animal skin (worn)
 d - a +0 cloak
Scrolls
 e - a scroll of random uselessness {unknown}
Comestibles
 c - 2 bread rations {@e1}
 f - 9 chunks of flesh


   Skills:
 + Level 3.1 Fighting
 * Level 3.4 Axes
 - Level 1.5 Armour
 - Level 1.5 Dodging


You had 2 spell levels left.
You didn't know any spells.

Dungeon Overview and Level Annotations

Branches:
Dungeon (2/15)

Altars:

Annotations:
D:2 Sigmund


Innate Abilities, Weirdness & Mutations

You have extremely sharp teeth.
When hurt, damage is shared between your health and your magic reserves.
Your bite disrupts and absorbs the magic of your enemies.
Potions cannot restore your health.
You are immune to rotting.


Message History

You kill the bat!
Trog accepts your kill. 2 bats come into view.
You slash the goblin!
You kill the goblin!
Trog accepts your kill.
The kobold throws a stone.
The stone hits you. Something barely misses you.
Things that are here:
an enchanted hunting sling; 15 stones You barely miss the bat.
Your bite misses the bat. You hit something.
The bat hits you but does no damage. x2; Something hits you!
* * * LOW HITPOINT WARNING * * *
The kobold throws a stone.
The stone hits you.
* * * LOW HITPOINT WARNING * * *
Unknown command.
You hit something. Your bite misses something. You hit the bat.
The bat hits you but does no damage. The bat barely misses you.
You barely miss something. Your bite misses something. You barely miss the bat.
The bat closely misses you. Something hits you.
You die...

#..................).
######.######.............
#.........................
#.####.###############....
#.# #.... #.####### #.###
#..(....# #.#
####..)(b..#### #..
#......@.......
#.##..{b...###. #
#...K....... #.......###.
#......... #......###.
#..###.# . #.. #.


You could see 2 bats and a kobold.

Vanquished Creatures
  An adder (D:2)
  A dart slug (D:1)
  A leopard gecko (D:2)
  A ball python (D:1)
  A giant cockroach (D:1)
  2 goblins (D:2)
  3 hobgoblins (D:2)
  3 bats (D:2)
  A frilled lizard (D:2)
14 creatures vanquished.

Notes
Turn   | Place    | Note
-------+----------+-------------------------------------------
     0 | D:1      | FastMan the Vine Stalker Berserker began the quest for the Orb.
     0 | D:1      | Reached XP level 1. HP: 11/11 MP: 2/2
   189 | D:2      | Reached XP level 2. HP: 11/16 MP: 1/3
   468 | D:2      | Reached XP level 3. HP: 17/20 MP: 4/4
   488 | D:2      | Noticed Sigmund
   499 | D:2      | Slain by Sigmund

Vault maps used:
D:1:      mrwooster_arrival_statue_3, minmay_misc_feat_nine_boxes
D:2:      nicolae_overflow_hidden_temple, minmay_heptomino_o4, uniq_terence,
          uniq_sigmund, uniq_jessica

Skill      XL: |  1  2 |
---------------+-------+-----
Axes           | 3 |  3.4
Fighting       | 3 |  3.1
Armour         | |  1.5
Dodging        | |  1.5

Action                   || total
-------------------------++-------
Melee: Hand axe          ||    29
       Bite              ||     3
Invok: Berserk           ||     3
 Stab: Sleeping          ||     1
  Eat: Chunk             ||     1
Armor: Animal skin       ||    10
Dodge: Dodged            ||    19
